[Event "Titled Tuesday Blitz May 16 Late 2023"]
[White "Suyarov, Mukhammadzokhid"]
[Black "Spitzl, Vinzent"]
[WhiteFideId "14210495"]
[BlackFideId "12901253"]
[WhiteElo "2361"]
[BlackElo "2225"]
[Result "1/2-1/2"]
[Round "04"]
[TimeControl "180+2"]
[Date "2023.05.16"]
[WhiteClock "0:01:13"]
[BlackClock "0:01:22"]

1. d4 Nf6 2. Nc3 d5 3. Bf4 c5 4. e4 Nxe4 5. Nxe4 dxe4 6. dxc5 Qa5+ 7. c3 Qxc5 8. Qa4+ Nc6 9. Qxe4 g6 10. Nf3 Bg7 11. Qe3 Qa5 12. Bh6 O-O 13. Bxg7 Kxg7 14. Bc4 Bf5 15. O-O Rad8 16. a4 Qb6 17. Qxb6 axb6 18. Bb5 Be4 19. Bxc6 bxc6 20. Rfe1 Bxf3 21. gxf3 Kf6 22. Rad1 Rxd1 23. Rxd1 Ra8 24. b3 b5 25. axb5 cxb5 26. Rd5 Rc8 27. Rxb5 Rxc3 28. Kg2 e5 29. b4 h5 30. Rb8 Kf5 31. b5 Kf4 32. Rf8 f5 33. b6 Rb3 34. Rf6 g5 35. h3 h4 36. Re6 Rb4 37. Rg6 Rb3 38. Rf6 Rb4 39. Kf1 Rb2 40. Ke1 Rb5 41. Kd2 Kxf3 42. Rxf5+ Kg2 43. Rxg5+ Kxf2 44. Rg6 e4 45. Rf6+ Kg3 46. Ke3 Kxh3 47. Rg6 Kh2 48. Kxe4 h3 49. Kd4 Kh1 50. Kc4 Rb1 51. Kc5 h2 52. Rg7 Rxb6 53. Kxb6 1/2-1/2


[Site "https://www.chess.com"]

[Event "Titled Tuesday Blitz May 16 Late 2023"]
[White "koncheto"]
[Black "Grigorov, Grigor"]
[BlackFideId "2907313"]
[WhiteElo "2569"]
[BlackElo "2510"]
[Result "0-1"]
[Round "04"]
[TimeControl "180+2"]
[Date "2023.05.16"]
[WhiteClock "0:00:00"]
[BlackClock "0:00:16"]

1. e4 c6 2. d4 d5 3. Nc3 dxe4 4. Nxe4 Nf6 5. Nxf6+ exf6 6. c3 Bd6 7. Bd3 Na6 8. Ne2 Nc7 9. O-O O-O 10. Nf4 Bxf4 11. Bxf4 Nd5 12. Bd2 Be6 13. Qf3 b5 14. Rfe1 Qd7 15. h3 Rfe8 16. a4 a6 17. axb5 axb5 18. Rxa8 Rxa8 19. c4 bxc4 20. Bxc4 h6 21. Qg3 Kh7 22. Bd3+ Bf5 23. Qg4 g6 24. Bxf5 Qxf5 25. Qxf5 gxf5 26. Rc1 Ra6 27. b4 Kg6 28. Rc5 Ra2 29. Bc3 Ra3 30. Bd2 Rd3 31. Rc2 Rxd4 32. Be3 Rd1+ 33. Kh2 Nxb4 34. Rc4 Rb1 35. Bd2 Nd3 36. Be3 Ne5 37. Rc3 Rd1 38. Rc2 Rd6 39. Kg3 Nd3 40. Rc3 h5 41. h4 Ne5 42. Bf4 Rd3+ 43. Rxd3 Nxd3 44. Bd6 c5 45. Kf3 Ne1+ 0-1


[Site "https://www.chess.com"]

[Event "Titled Tuesday Blitz May 16 Late 2023"]
[White "Averjanov, Alexey"]
[Black "Roberson, Peter T"]
[WhiteFideId "14109867"]
[BlackFideId "412384"]
[WhiteElo "2792"]
[BlackElo "2346"]
[Result "1-0"]
[Round "04"]
[TimeControl "180+2"]
[Date "2023.05.16"]
[WhiteClock "0:00:22"]
[BlackClock "0:00:00"]

1. d4 Nf6 2. c4 e6 3. Nf3 Nc6 4. g3 Bb4+ 5. Nbd2 d5 6. Qc2 dxc4 7. Qxc4 Qd5 8. Qxd5 exd5 9. Bg2 O-O 10. a3 Bd6 11. b4 Re8 12. e3 Bf5 13. Bb2 Bd3 14. Bf1 Bxf1 15. Kxf1 Ne7 16. Ke2 Nc8 17. Rhc1 Nb6 18. Rc2 Ne4 19. Rac1 a5 20. b5 Na4 21. Ra1 f6 22. Nxe4 Rxe4 23. Nd2 Re7 24. Nb3 Nb6 25. Nd2 a4 26. Bc3 Kf7 27. Kd3 h5 28. Bb4 Bxb4 29. axb4 Ke6 30. Rac1 Kd6 31. e4 a3 32. exd5 a2 33. Ra1 Ra3+ 34. Rc3 Rxc3+ 35. Kxc3 Nxd5+ 36. Kb3 Nb6 37. Rxa2 Kd5 38. Rc2 Re2 39. Nf3 Rxc2 40. Kxc2 Ke4 41. Ne1 Kxd4 42. Nd3 Kc4 43. Nf4 h4 44. gxh4 Kxb5 45. Nh5 Kxb4 46. Nxg7 Nd5 47. h5 Nf4 48. Kd2 c5 49. Ke3 Nxh5 50. Nxh5 c4 51. Nf4 c3 52. Nd3+ Kc4 53. h4 b5 54. h5 b4 55. h6 b3 56. h7 b2 57. h8=Q b1=Q 58. Qg8+ Kb5 59. Qb8+ 1-0


[Site "https://www.chess.com"]

[Event "Titled Tuesday Blitz May 16 Late 2023"]
[White "Mahdavi, Reza"]
[Black "Mortazavi, Ali"]
[WhiteFideId "12595926"]
[BlackFideId "401323"]
[WhiteElo "2352"]
[BlackElo "2339"]
[Result "1-0"]
[Round "04"]
[TimeControl "180+2"]
[Date "2023.05.16"]
[WhiteClock "0:01:00"]
[BlackClock "0:00:06"]

1. d4 Nf6 2. Nc3 d6 3. e4 g6 4. f4 Bg7 5. Nf3 O-O 6. e5 Nfd7 7. h4 c5 8. h5 cxd4 9. Qxd4 dxe5 10. Qf2 e6 11. hxg6 fxg6 12. Bc4 Nb6 13. Bb3 exf4 14. Bd2 Nc6 15. O-O-O Qe7 16. Ne4 a5 17. Qxb6 a4 18. Bc4 a3 19. b3 Bb2+ 20. Kb1 Qg7 21. c3 h6 22. Bc1 g5 23. Bxb2 axb2 24. Nd4 Qg6 25. Bd3 Ne5 26. Bc2 Qg7 27. Nxe6 Qe7 28. N6c5 Bf5 29. Qxh6 Rxa2 30. Kxa2 Bxe4 31. Bxe4 Ra8+ 32. Kxb2 Qxc5 33. Qh8+ Kf7 34. Rh7+ Ke6 35. Rh6+ Kf7 36. Qf6+ Ke8 37. Rh8+ 1-0


[Site "https://www.chess.com"]

[Event "Titled Tuesday Blitz May 16 Late 2023"]
[White "Janaszak, Dawid"]
[Black "Yanchenko, Roman"]
[WhiteFideId "1119206"]
[BlackFideId "4137329"]
[WhiteElo "2220"]
[BlackElo "2491"]
[Result "1-0"]
[Round "04"]
[TimeControl "180+2"]
[Date "2023.05.16"]
[WhiteClock "0:00:06"]
[BlackClock "0:00:00"]

1. e4 e6 2. d4 d5 3. Bd3 c5 4. exd5 exd5 5. c3 c4 6. Bc2 Bd6 7. Qf3 Ne7 8. Ne2 Nbc6 9. Bf4 O-O 10. Nd2 Re8 11. O-O Bf5 12. Rac1 Bxc2 13. Rxc2 Ng6 14. Be3 Qd7 15. g3 Bc7 16. Kg2 Re6 17. b3 Rf6 18. Qh5 cxb3 19. axb3 Re8 20. Nf3 h6 21. b4 a6 22. Rb2 Na7 23. Rc1 Nb5 24. Nfg1 Rf5 25. Qh3 Nd6 26. Nf4 Nc4 27. Nxg6 fxg6 28. Re2 Qf7 29. Rce1 Re4 30. f3 Re6 31. f4 Qe8 32. Bf2 Rxe2 33. Rxe2 Qf7 34. Qg4 Nd6 35. Nf3 Ne4 36. Be1 h5 37. Qh3 g5 38. Nxg5 Nxg5 39. fxg5 g6 40. Bd2 Rf1 41. g4 h4 42. Be3 Rb1 43. Rf2 Qe6 44. Qf3 Bd6 45. c4 Rb3 46. cxd5 1-0


[Site "https://www.chess.com"]

[Event "Titled Tuesday Blitz May 16 Late 2023"]
[White "Fernandez Guillen, Ernesto J."]
[Black "AyMitecK"]
[WhiteFideId "3512428"]
[WhiteElo "2429"]
[BlackElo "2555"]
[Result "1-0"]
[Round "04"]
[TimeControl "180+2"]
[Date "2023.05.16"]
[WhiteClock "0:00:15"]
[BlackClock "0:00:10"]

1. e4 e6 2. Nf3 d5 3. Nc3 Nf6 4. e5 Nfd7 5. d4 c5 6. Ne2 Nc6 7. c3 Be7 8. a3 Qa5 9. Bf4 O-O 10. b4 Qc7 11. bxc5 b6 12. cxb6 axb6 13. Bc1 Na5 14. a4 Ba6 15. Bd2 Rfc8 16. g3 Nc4 17. Bc1 f6 18. exf6 Nxf6 19. Bf4 Bd6 20. Qc1 Ne4 21. Bg2 Na5 22. Bxd6 Qxd6 23. Qf4 Qe7 24. Ne5 Nxc3 25. Nxc3 Rxc3 26. Bf1 Qb4 27. Bxa6 Rc1+ 28. Ke2 Qb2+ 29. Kf3 Rxa1 30. Qf7+ Kh8 31. Rxa1 Qxa1 32. Bd3 Qxd4 33. Qh5 Rf8+ 34. Kg2 Qxf2+ 35. Kh3 g6 36. Nxg6+ Kg7 37. Nxf8 Kxf8 38. Qxh7 Qf6 39. Qc7 Qh6+ 40. Kg4 Qg7+ 41. Qxg7+ Kxg7 42. h4 Nc6 43. Kf4 Kf6 44. g4 e5+ 45. Ke3 e4 46. Bxe4 dxe4 47. Kxe4 Ne5 48. g5+ Ke6 49. h5 Nf7 50. g6 Nh6 51. Kd4 Kd6 52. Kc4 Kc6 53. Kb4 Kc7 54. Kb5 Kb7 55. Kb4 Kc6 56. Kc4 Kd6 57. Kb5 Kc7 58. Ka6 Kc6 59. Ka7 Ng8 60. Kb8 Kd7 61. Kb7 b5 62. axb5 Nf6 63. Ka7 Nxh5 64. b6 Ng7 65. b7 Ne6 66. b8=Q Nd8 67. Qxd8+ Kxd8 68. g7 Ke7 69. g8=Q Kf6 70. Qb3 Kf5 71. Kb6 Ke5 72. Kb5 Kf4 73. Qc4+ Kf3 74. Qc5 Ke2 75. Kc4 Kd2 76. Qd4+ Kc2 77. Qf2+ Kd1 78. Kc3 Kc1 79. Qc2# 1-0


[Site "https://www.chess.com"]

[Event "Titled Tuesday Blitz May 16 Late 2023"]
[White "Hambleton, Aman"]
[Black "Bruedigam, Martin"]
[WhiteFideId "2606577"]
[BlackFideId "24608033"]
[WhiteElo "2511"]
[BlackElo "2331"]
[Result "1-0"]
[Round "04"]
[TimeControl "180+2"]
[Date "2023.05.16"]
[WhiteClock "0:00:06"]
[BlackClock "0:00:11"]

1. c4 e5 2. g3 Nf6 3. Bg2 h6 4. Nc3 Bb4 5. e4 Bxc3 6. bxc3 d6 7. Ne2 a6 8. a4 Be6 9. d3 Nbd7 10. a5 b5 11. axb6 cxb6 12. O-O Qc7 13. h3 Nc5 14. f4 Bd7 15. Be3 Bc6 16. g4 exf4 17. Bxf4 O-O 18. Nd4 Ne6 19. Nxc6 Nxf4 20. Rxf4 Qxc6 21. e5 Qc5+ 22. d4 Qxc4 23. exf6 Rae8 24. fxg7 Kxg7 25. Qf3 a5 26. Rf1 a4 27. Qc6 Rc8 28. Qxd6 Qxc3 29. Qf6+ Kg8 30. Qxh6 Qe3+ 31. Kh1 a3 32. Qg5+ Kh8 33. Qh5+ Kg8 34. Rxf7 Qd3 35. Qg5+ 1-0


[Site "https://www.chess.com"]

[Event "Titled Tuesday Blitz May 16 Late 2023"]
[White "Mirimanian, Hayk"]
[Black "Trost, Edvin"]
[WhiteFideId "4700180"]
[BlackFideId "1729519"]
[WhiteElo "2280"]
[BlackElo "2368"]
[Result "1/2-1/2"]
[Round "04"]
[TimeControl "180+2"]
[Date "2023.05.16"]
[WhiteClock "0:00:23"]
[BlackClock "0:01:05"]

1. e4 c5 2. Nf3 d6 3. d4 cxd4 4. Nxd4 Nf6 5. Nc3 g6 6. Be3 Nc6 7. f3 h5 8. Qd2 Nxd4 9. Bxd4 Bh6 10. Be3 Bxe3 11. Qxe3 Qa5 12. Bc4 Kf8 13. O-O-O Kg7 14. Rhe1 Bd7 15. e5 dxe5 16. Qxe5 Qxe5 17. Rxe5 e6 18. Ne4 Bc6 19. Nxf6 Kxf6 20. Rc5 Rad8 21. Bb5 Bxb5 22. Rxb5 b6 23. a4 h4 24. a5 Rxd1+ 25. Kxd1 Rd8+ 26. Ke2 Rd6 27. axb6 axb6 28. Ke3 e5 29. c4 g5 30. b4 Kf5 31. c5 bxc5 32. Rxc5 Rd1 33. Rc7 Rb1 34. Rxf7+ Ke6 35. Rg7 Kf6 36. Rb7 Rb2 37. g4 h3 38. Rb6+ Kg7 39. Ke4 Rxh2 40. Rb7+ Kg6 41. Rb6+ Kg7 42. Rb7+ Kh6 43. Rb8 Rh1 44. Kf5 Kg7 45. Rb7+ Kf8 46. Kxg5 Rf1 47. Rh7 Rxf3 48. b5 Rb3 49. b6 Kg8 50. Rh6 Kg7 51. b7 e4 52. Rxh3 Rxb7 53. Re3 Re7 54. Kf5 Rf7+ 55. Kxe4 Kg6 56. Rf3 Re7+ 57. Kf4 Rf7+ 58. Kg3 Ra7 59. Rb3 Ra6 60. Kh4 Re6 61. Rb5 Ra6 62. Rd5 Ra1 63. Rd6+ Kg7 64. Kh5 Ra5+ 65. g5 Ra7 66. Rc6 Rb7 67. Rh6 Rd7 68. Rg6+ Kh7 69. Ra6 Kg7 70. Re6 Rc7 71. Kg4 Rb7 72. Kf5 Rb5+ 73. Kg4 Rb7 74. Re4 Rd7 75. Ra4 Rf7 76. Ra5 Rb7 77. Kf5 Rf7+ 78. Kg4 Rb7 79. Kh5 Rc7 80. Ra6 Rd7 81. Rg6+ Kh7 82. Rf6 Kg7 83. Rg6+ 1/2-1/2


[Site "https://www.chess.com"]

[Event "Titled Tuesday Blitz May 16 Late 2023"]
[White "Haszon, David"]
[Black "Ivanisevic, Ivan"]
[WhiteFideId "733610"]
[BlackFideId "912417"]
[WhiteElo "2210"]
[BlackElo "2592"]
[Result "0-1"]
[Round "04"]
[TimeControl "180+2"]
[Date "2023.05.16"]
[WhiteClock "0:00:04"]
[BlackClock "0:00:06"]

1. d4 Nf6 2. Nf3 d6 3. Bg5 Nbd7 4. Nc3 h6 5. Bh4 g5 6. Bg3 Nh5 7. e4 Bg7 8. Bc4 Nb6 9. Bb3 e6 10. a4 a5 11. Qd3 Bd7 12. e5 Nxg3 13. hxg3 Bc6 14. O-O-O dxe5 15. Bxe6 fxe6 16. Qg6+ Kf8 17. Nxe5 Qe8 18. Qd3 Bxe5 19. dxe5 Kg7 20. f4 Rd8 21. Qe2 Qg6 22. Nb5 Nd5 23. Nd4 gxf4 24. Rh4 h5 25. g4 Ne3 26. gxh5 Qf7 27. Rd3 Rxd4 28. Rxd4 Nf5 29. Rg4+ Kh7 30. Rd3 Rg8 31. Rh3 Rxg4 32. Qxg4 Qg7 33. Qxf4 Qxg2 34. Rh2 Qg1+ 35. Kd2 Qg3 36. Qxg3 Nxg3 37. Kc3 Kh6 38. Rf2 Nxh5 39. Rf7 Kg6 40. Rxc7 Kf5 41. Rh7 Nf4 42. Kd4 Ne2+ 43. Ke3 Ng3 44. Kd4 Ne4 45. Rf7+ Kg4 46. c3 Kg5 47. Rg7+ Kf5 48. Rg8 Ng5 49. Rf8+ Kg6 50. Rg8+ Kh6 51. Rh8+ Kg7 52. Rh5 Nf7 53. Rh2 Kf8 54. b4 Ke7 55. bxa5 Bxa4 56. Rh7 Bc6 57. Kc5 Be4 58. c4 Bxh7 59. a6 bxa6 60. Kb6 Bd3 61. c5 Bb5 62. c6 Bxc6 63. Kxc6 Nxe5+ 0-1


[Site "https://www.chess.com"]

[Event "Titled Tuesday Blitz May 16 Late 2023"]
[White "Bartel, Mateusz"]
[Black "Potapova, Margarita"]
[WhiteFideId "1112635"]
[BlackFideId "14126869"]
[WhiteElo "2521"]
[BlackElo "2244"]
[Result "1-0"]
[Round "04"]
[TimeControl "180+2"]
[Date "2023.05.16"]
[WhiteClock "0:00:19"]
[BlackClock "0:00:39"]

1. Nf3 Nf6 2. c4 e6 3. g3 d5 4. Bg2 dxc4 5. Qa4+ Nbd7 6. Qxc4 a6 7. Qc2 c5 8. a4 b6 9. Ne5 Nd5 10. Nxd7 Qxd7 11. O-O Bb7 12. Nc3 Be7 13. d3 O-O 14. Bd2 Nb4 15. Qb3 Bxg2 16. Kxg2 Rac8 17. Rfd1 Rfd8 18. Kg1 h5 19. Ne4 Nc6 20. Qxb6 Nd4 21. Qxa6 Nxe2+ 22. Kf1 Nd4 23. Qc4 e5 24. Kg2 Qg4 25. Re1 Qf3+ 26. Kg1 Ne2+ 27. Kf1 Nd4 28. Kg1 h4 29. Re3 Qg4 30. Kg2 h3+ 31. Kh1 Nf5 32. Nf6+ Bxf6 33. Qxg4 Nxe3 34. Bxe3 Rxd3 35. Qxc8+ 1-0


[Site "https://www.chess.com"]

[Event "Titled Tuesday Blitz May 16 Late 2023"]
[White "Sivakumar, Shaaketh"]
[Black "Weetik, Vjacheslav"]
[WhiteFideId "30940176"]
[BlackFideId "4153472"]
[WhiteElo "2174"]
[BlackElo "2469"]
[Result "0-1"]
[Round "04"]
[TimeControl "180+2"]
[Date "2023.05.16"]
[WhiteClock "0:01:02"]
[BlackClock "0:00:06"]

1. e4 c6 2. d4 d5 3. e5 Bf5 4. h4 Qb6 5. g4 Bd7 6. h5 Nh6 7. Be2 e6 8. Nh3 c5 9. dxc5 Bxc5 10. c3 Nc6 11. b4 Nxb4 12. cxb4 Bd4 13. Be3 Qxb4+ 14. Nd2 Bxe3 15. fxe3 Qc3 16. Kf2 Qxe5 17. Qb3 Bc6 18. Rhg1 O-O 19. Nf3 Qd6 20. Bd3 f5 21. gxf5 Nxf5 22. Nf4 Nxe3 23. Bxh7+ Kxh7 24. Qd3+ Rf5 25. Nxe6 Qxe6 26. Qxe3 Qf6 27. Rg6 Qxa1 28. Qe6 Raf8 29. Rg3 Qb2+ 30. Qe2 Rxf3+ 31. Ke1 Qxe2+ 32. Kxe2 Rxg3 33. Ke1 Rg2 34. a3 Ra2 35. a4 Rff2 36. a5 Rh2 37. h6 Rh1# 0-1


[Site "https://www.chess.com"]

[Event "Titled Tuesday Blitz May 16 Late 2023"]
[White "Djokic, Mihailo"]
[Black "Perske, Thore"]
[WhiteFideId "976440"]
[BlackFideId "12902195"]
[WhiteElo "2294"]
[BlackElo "2336"]
[Result "1-0"]
[Round "04"]
[TimeControl "180+2"]
[Date "2023.05.16"]
[WhiteClock "0:00:07"]
[BlackClock "0:00:00"]

1. e4 e6 2. d4 d5 3. Nc3 Bb4 4. e5 c5 5. a3 Bxc3+ 6. bxc3 Qa5 7. Bd2 Qa4 8. Qb1 c4 9. Nh3 Nc6 10. Nf4 Nge7 11. g3 Bd7 12. h4 O-O-O 13. Bh3 h6 14. Nh5 Rhg8 15. O-O b6 16. Kh2 Rdf8 17. Qc1 Kc7 18. Bf4 Kc8 19. Qd2 Ng6 20. Be3 Nge7 21. g4 Ng6 22. Kg3 Nce7 23. f4 f5 24. exf6 gxf6 25. f5 exf5 26. Bxh6 fxg4 27. Bxf8 gxh3 28. Bxe7 Nxe7+ 29. Kf4 Rg2 30. Rf2 Ng6+ 31. Ke3 Nxh4 32. Rxg2 Nxg2+ 33. Kf2 Qc6 34. Qh6 Qe6 35. Kg1 Qf5 36. Nxf6 Be6 37. Qf8+ Kb7 38. Qg7+ Ka6 39. Rf1 Qxc2 40. Qg3 Bf5 41. Nxd5 Bd3 42. Nb4+ Kb5 43. Nxc2 Bxf1 44. Kxf1 1-0


[Site "https://www.chess.com"]

[Event "Titled Tuesday Blitz May 16 Late 2023"]
[White "Loiacono, Antonio"]
[Black "Bitoon, Richard"]
[WhiteFideId "895415"]
[BlackFideId "5201110"]
[WhiteElo "2257"]
[BlackElo "2374"]
[Result "1-0"]
[Round "04"]
[TimeControl "180+2"]
[Date "2023.05.16"]
[WhiteClock "0:01:13"]
[BlackClock "0:00:00"]

1. e4 e5 2. Nf3 Nc6 3. Nc3 Nf6 4. Bb5 Bb4 5. O-O O-O 6. d3 Bxc3 7. bxc3 Qe7 8. Bxc6 bxc6 9. c4 Rd8 10. h3 h6 11. Re1 d6 12. Rb1 Nh5 13. Nh2 Qh4 14. Qf3 Re8 15. Nf1 Re6 16. Ng3 Nxg3 17. fxg3 Qf6 18. Qxf6 Rxf6 19. Bd2 Kf8 20. Ba5 Ke7 21. Bxc7 a5 22. c5 dxc5 23. Bxe5 Rg6 24. Kh2 a4 25. a3 c4 26. dxc4 Ba6 27. c5 Re6 28. Bd6+ Kf6 29. e5+ Kg6 30. Rb4 f5 31. Rxa4 Ree8 32. e6 Bb5 33. Rxa8 Rxa8 34. e7 Kf7 35. Rb1 Rxa3 36. c4 1-0


[Site "https://www.chess.com"]

[Event "Titled Tuesday Blitz May 16 Late 2023"]
[White "Golubev, Mikhail"]
[Black "Csonka, Balazs"]
[WhiteFideId "14100983"]
[BlackFideId "742910"]
[WhiteElo "2374"]
[BlackElo "2404"]
[Result "0-1"]
[Round "04"]
[TimeControl "180+2"]
[Date "2023.05.16"]
[WhiteClock "0:00:00"]
[BlackClock "0:00:47"]

1. e4 e6 2. d4 d5 3. Nc3 Nf6 4. exd5 exd5 5. Bg5 Be7 6. Bd3 O-O 7. Nge2 c6 8. Qd2 Nbd7 9. O-O-O b5 10. Ng3 Nb6 11. Rhe1 Be6 12. Nce2 Nc4 13. Bxc4 bxc4 14. Nf4 Rb8 15. Nxe6 fxe6 16. Rxe6 Qb6 17. c3 Ba3 18. Qc2 Bxb2+ 19. Kd2 Ne4+ 20. Nxe4 dxe4 21. Be3 Qa5 22. Rxc6 Bxc3+ 23. Ke2 Rb2 24. Qxb2 Bxb2 0-1


[Site "https://www.chess.com"]

[Event "Titled Tuesday Blitz May 16 Late 2023"]
[White "Timmermans, Mark"]
[Black "Guz, Ari"]
[WhiteFideId "1026399"]
[BlackFideId "2825759"]
[WhiteElo "2460"]
[BlackElo "2205"]
[Result "1-0"]
[Round "04"]
[TimeControl "180+2"]
[Date "2023.05.16"]
[WhiteClock "0:01:04"]
[BlackClock "0:00:06"]

1. b4 c5 2. bxc5 e6 3. d4 Nf6 4. e3 Be7 5. Nf3 O-O 6. Bd3 b6 7. cxb6 axb6 8. O-O Bb7 9. Nbd2 Nc6 10. c3 d5 11. a4 Na5 12. Qe2 Qc8 13. Bb2 Ba6 14. Ne5 Bxd3 15. Qxd3 Nd7 16. Nxd7 Qxd7 17. c4 Rfc8 18. Rfc1 Bb4 19. Bc3 dxc4 20. Qc2 Bxc3 21. Qxc3 h6 22. h3 Nb3 23. Nxb3 cxb3 24. Qxb3 Rxc1+ 25. Rxc1 Qxa4 26. Qxb6 Qa2 27. Qb7 Rf8 28. g4 Qd2 29. Rc8 Rxc8 30. Qxc8+ Kh7 31. Qe8 Kg6 32. Qb5 Qd1+ 33. Kg2 Kh7 34. Qb7 Kg8 35. Qa8+ Kh7 36. Qf3 Qd3 37. Qxf7 e5 38. Qf5+ Qxf5 39. gxf5 1-0


[Site "https://www.chess.com"]

[Event "Titled Tuesday Blitz May 16 Late 2023"]
[White "The_Sherman_Variation"]
[Black "Wu, Derek"]
[BlackFideId "30914558"]
[WhiteElo "2527"]
[BlackElo "2174"]
[Result "0-1"]
[Round "04"]
[TimeControl "180+2"]
[Date "2023.05.16"]
[WhiteClock "0:00:20"]
[BlackClock "0:00:10"]

1. g4 e5 2. h4 d5 3. g5 Nc6 4. d3 Be6 5. Nc3 Qd7 6. e4 Nge7 7. Bg2 f5 8. gxf6 gxf6 9. exd5 Nxd5 10. Qh5+ Bf7 11. Nxd5 Qxd5 12. Bxd5 Bxh5 13. Be3 Nb4 14. Bb3 O-O-O 15. Kd2 Nd5 16. Ne2 c6 17. Ng3 Bf3 18. Rhg1 Bb4+ 19. c3 Ba5 20. Bh6 Bb6 21. Raf1 Rhe8 22. Nf5 Nf4 23. Bxf4 exf4 24. Bc2 Re2+ 25. Kc1 Bxf2 26. Rg7 Be3+ 27. Nxe3 fxe3 28. Rgg1 Bh5 29. Bd1 Rxd3 30. Bxe2 Bxe2 31. Re1 Bh5 32. Rg8+ Kc7 33. Rg7+ Kb6 34. Rxh7 Bf3 35. Rf7 e2 36. Kc2 Rd1 37. Rxe2 Bxe2 38. Rxf6 Rh1 39. Rf4 Bh5 40. a4 a5 41. Kb3 Rg1 42. Ka2 Rg4 43. Rf5 Rxa4+ 44. Kb3 Rxh4 45. Ka3 Bg6 46. Rg5 Bc2 47. Ka2 Ra4# 0-1


[Site "https://www.chess.com"]

[Event "Titled Tuesday Blitz May 16 Late 2023"]
[White "Goltsev, Dmitry"]
[Black "Taboas Rodriguez, Daniel"]
[WhiteFideId "24176710"]
[BlackFideId "2208466"]
[WhiteElo "2356"]
[BlackElo "2365"]
[Result "1-0"]
[Round "04"]
[TimeControl "180+2"]
[Date "2023.05.16"]
[WhiteClock "0:02:42"]
[BlackClock "0:02:06"]

1. e4 e5 2. Nf3 Nc6 3. Bb5 Nf6 4. O-O Nxe4 5. d4 Nd6 6. Bxc6 dxc6 7. dxe5 Nf5 8. Qxd8+ Kxd8 9. Re1 Be7 10. Bg5 Be6 11. Nc3 Ke8 12. b3 Rd8 13. Rad1 h6 14. Bxe7 Kxe7 15. g4 a5 16. gxf5 Bxf5 17. Nd4 Bg4 18. f3 Bc8 19. Ne4 b6 20. Nxc6+ 1-0


[Site "https://www.chess.com"]

[Event "Titled Tuesday Blitz May 16 Late 2023"]
[White "Nazari, Arad"]
[Black "Reprintsev, Alexander"]
[WhiteFideId "12577324"]
[BlackFideId "14100541"]
[WhiteElo "2175"]
[BlackElo "2218"]
[Result "1/2-1/2"]
[Round "04"]
[TimeControl "180+2"]
[Date "2023.05.16"]
[WhiteClock "0:00:09"]
[BlackClock "0:00:07"]

1. e4 d5 2. exd5 Qxd5 3. Nc3 Qa5 4. d4 Nf6 5. Bc4 Nc6 6. d5 Ne5 7. Bb3 e6 8. Qe2 Bd6 9. Bd2 Qa6 10. Nb5 O-O 11. dxe6 Bxe6 12. Bxe6 fxe6 13. Nxd6 cxd6 14. Qxa6 bxa6 15. f3 Rfc8 16. Bc3 Nc4 17. O-O-O Nd5 18. Bd2 Rab8 19. b3 Nxd2 20. Rxd2 Nc3 21. Kb2 d5 22. Ne2 Na4+ 23. Kc1 Nc5 24. Re1 Kf7 25. Nf4 a5 26. Nd3 a4 27. Nxc5 Rxc5 28. Kb2 a5 29. Rd4 axb3 30. axb3 Rbc8 31. Re2 e5 32. Ra4 Kf6 33. Ra1 g5 34. Rae1 d4 35. Rd2 a4 36. bxa4 Rb8+ 37. Kc1 Ra5 38. Re4 Rxa4 39. Kd1 Kf5 40. h4 h6 41. hxg5 hxg5 42. Rde2 Rb5 43. Rd2 Ra3 44. Ke2 Rc3 45. Kf2 Rbc5 46. Ree2 Rc6 47. g4+ Kf6 48. Kg2 Rc8 49. Rf2 Ke6 50. Rde2 Kd5 51. Rd2 Kc4 52. Rfe2 Rc5 53. Rd1 Ra3 54. Rde1 Raa5 55. Kg3 Kc3 56. Rd1 Ra2 57. Rd3+ Kc4 58. Rb3 Kd5 59. Rb8 Raxc2 60. Rd8+ Ke6 61. Re8+ Kf6 62. R8xe5 d3 63. Re6+ Kf7 64. Re7+ Kf8 65. Re8+ Kf7 66. R8e7+ Kf8 67. Re8+ Kf7 68. R2e7+ Kf6 69. Rd7 d2 70. Rd6+ Kf7 71. Red8 Ra5 72. R8d7+ Ke8 73. Rxd2 Rxd2 74. Rxd2 Kf7 75. Rd6 Rb5 76. Kf2 Re5 77. Rc6 Kg7 78. Rd6 Kf7 79. Kf1 Kg7 80. Rb6 Kf7 81. Rb3 Kf6 82. Kf2 Re6 83. Re3 Rc6 84. Re4 Ra6 85. Rd4 Rb6 86. Ke3 Re6+ 87. Re4 Ra6 88. Rb4 Re6+ 89. Kd4 Re1 90. Rb6+ Kf7 91. Kd5 Re3 92. Rb7+ Kf6 93. Rb6+ Kf7 94. Rb7+ Kf6 95. Rb8 Kf7 96. Rb5 Rxf3 97. Kd6 Kf6 98. Rb8 Rd3+ 99. Kc5 Ke5 100. Rf8 Rc3+ 101. Kb4 Rg3 102. Rf5+ Ke6 103. Rxg5 Kf6 104. Rg8 Kf7 105. Rg5 Kf6 106. Rf5+ Kg6 107. Rf4 Kg5 108. Rc4 Rxg4 109. Rxg4+ Kxg4 1/2-1/2


[Site "https://www.chess.com"]

[Event "Titled Tuesday Blitz May 16 Late 2023"]
[White "Kokoszczynski, Jan"]
[Black "Badmatsyrenov, Oleg"]
[WhiteFideId "1174460"]
[BlackFideId "24115762"]
[WhiteElo "2139"]
[BlackElo "2396"]
[Result "0-1"]
[Round "04"]
[TimeControl "180+2"]
[Date "2023.05.16"]
[WhiteClock "0:00:04"]
[BlackClock "0:00:27"]

1. d4 c6 2. c4 a6 3. e4 b5 4. Nf3 Bb7 5. Nc3 g6 6. Be3 Bg7 7. Bd3 d6 8. O-O Nd7 9. Re1 e5 10. d5 c5 11. cxb5 Ngf6 12. a4 O-O 13. h3 h6 14. Nd2 Kh7 15. Nc4 Ne8 16. Qc2 Bc8 17. Reb1 Bf6 18. b4 cxb4 19. Rxb4 axb5 20. Nxb5 Bg5 21. Bxg5 Qxg5 22. Ncxd6 Nxd6 23. Nxd6 Nf6 24. Qc1 Qh4 25. Nxc8 Rfxc8 26. Qb2 Qg5 27. a5 Nh5 28. Bf1 Nf4 29. g3 Nh5 30. Rb3 Nf6 31. Bd3 Nd7 32. Rb7 Nc5 33. Bf1 Nxb7 34. Qxb7 Kg7 35. a6 Qd2 36. a7 Rc2 37. Qb6 h5 38. Ba6 h4 39. gxh4 Qc3 40. Bb7 Qxa1+ 0-1


[Site "https://www.chess.com"]

[Event "Titled Tuesday Blitz May 16 Late 2023"]
[White "Vakhlamov, Igor L."]
[Black "Safin, Robert"]
[WhiteFideId "24126748"]
[BlackFideId "34189120"]
[WhiteElo "2407"]
[BlackElo "2295"]
[Result "1-0"]
[Round "04"]
[TimeControl "180+2"]
[Date "2023.05.16"]
[WhiteClock "0:01:06"]
[BlackClock "0:00:10"]

1. e4 c6 2. d4 d5 3. exd5 cxd5 4. c4 Nf6 5. Nc3 e6 6. c5 Be7 7. Bb5+ Bd7 8. Bxd7+ Nbxd7 9. Rb1 O-O 10. Nf3 Ne4 11. O-O Nxc3 12. bxc3 b6 13. c6 Nb8 14. Qa4 Qc7 15. Ne5 Rc8 16. Bf4 Nxc6 17. Rbc1 Nxe5 18. Bxe5 Bd6 19. Rfe1 Bxe5 20. Rxe5 Qc4 21. Qc2 Rc7 22. f4 g6 23. g4 Rac8 24. Qd2 b5 25. f5 b4 26. f6 bxc3 27. Qh6 Qxd4+ 28. Kh1 1-0


[Site "https://www.chess.com"]

[Event "Titled Tuesday Blitz May 16 Late 2023"]
[White "Grycel, Kamil"]
[Black "Rastbod, Ali"]
[WhiteFideId "1115499"]
[BlackFideId "12567477"]
[WhiteElo "2522"]
[BlackElo "2274"]
[Result "0-1"]
[Round "04"]
[TimeControl "180+2"]
[Date "2023.05.16"]
[WhiteClock "0:00:11"]
[BlackClock "0:00:18"]

1. d4 d5 2. Bf4 c5 3. c3 Qb6 4. Qb3 Nc6 5. e3 c4 6. Qc2 g6 7. Nd2 Bf5 8. Qc1 Nf6 9. h3 Qd8 10. b3 b5 11. Ngf3 Bg7 12. Be2 O-O 13. O-O a6 14. Ne5 Qb6 15. bxc4 dxc4 16. Bf3 Nxe5 17. dxe5 Nd7 18. Bxa8 Rxa8 19. e4 Be6 20. Be3 Qc6 21. f4 Nc5 22. Bxc5 Qxc5+ 23. Kh1 g5 24. f5 Bc8 25. f6 exf6 26. exf6 Bf8 27. Nf3 h6 28. e5 Bb7 29. e6 fxe6 30. f7+ Kg7 31. Qe1 Qe7 32. Qe5+ Qf6 33. Qc7 Qe7 34. Qe5+ Qf6 35. Qxf6+ Kxf6 36. Nd4+ Ke7 37. Rae1 Bd5 38. Nf5+ Kd7 39. Ne3 Bg7 40. Rd1 Kc6 41. Nxd5 exd5 42. Rde1 Rf8 43. Re8 d4 44. cxd4 Kd5 45. Rf5+ Kxd4 46. Rxf8 Bxf8 47. Rf6 c3 48. Rc6 Kd3 49. Rc8 Ba3 50. f8=Q Bxf8 51. Rxf8 c2 52. Rc8 Kd2 53. Kh2 c1=Q 54. Rxc1 Kxc1 55. Kg3 Kb2 56. Kg4 Kxa2 57. Kh5 b4 58. Kxh6 b3 59. Kxg5 b2 60. h4 b1=Q 61. h5 Qh7 62. h6 Kb3 63. g4 Kc4 64. Kh5 Kd5 65. g5 Qf5 66. h7 Qxh7+ 67. Kg4 Qg6 68. Kh4 a5 0-1


[Site "https://www.chess.com"]